 Dungeon Crawl Stone Soup version 0.30-a0-760-g5a9884bb7c (webtiles) character file.

Game seed: 1966450493717412626

37 Aneyh the Trooper (level 3, -6/24 HPs)
             Began as a Tengu Monk on Feb 12, 2023.
             Killed from afar by Sigmund (13 damage)
             ... with a puff of flame
             ... on level 2 of the Dungeon.
             The game lasted 00:01:20 (717 turns).

Aneyh the Trooper (Tengu Monk)                       Turns: 717, Time: 00:01:20

Health: -6/24      AC:  2    Str: 11    XL:     3   Next: 41%
Magic:  4/4        EV: 13    Int: 10    God:
Gold:   60         SH:  0    Dex: 18    Spells: 2/2 levels left

rFire   . . .      SeeInvis .    f - +2 short sword (venom)
rCold   . . .      Faith    .    (no shield)
rNeg    . . .      Spirit   .    b - +0 robe
rPois   .          Reflect  .    (helmet restricted)
rElec   .          Harm     .    (no cloak)
rCorr   .          Rampage  .    (no gloves)
Will    .....                    (boots unavailable)
Stlth   ++                       (no amulet)
HPRegen 0.24/turn                (no ring)
MPRegen 0.09/turn                (no ring)

@: no status effects
A: beak, talons 3
a: no special abilities


You were on level 2 of the Dungeon.
You visited 1 branch of the dungeon, and saw 2 of its levels.

You collected 60 gold pieces.

Inventory:

Hand Weapons
 a - a +0 falchion
 f - a +2 short sword of venom (weapon)
Missiles
 d - 3 poisoned darts (quivered)
Armour
 b - a +0 robe (worn)
Scrolls
 e - a scroll of magic mapping {unknown}
 i - a scroll of identify {unknown}
Potions
 c - a potion of ambrosia
 g - a potion of heal wounds {unknown}
 h - a potion of might {unknown}


   Skills:
 + Level 4.4 Fighting
 - Level 3.2 Long Blades
 - Level 3.2 Dodging
 - Level 2.0 Stealth


You had 2 spell levels left.
You didn't know any spells.
Your spell library contained the following spells:

 Spells                   Type           Power      Damage    Failure   Level
 Freeze                   Ice            0%         1d3       36%         1
 Confusing Touch          Hex            0%         N/A       75%         3
 Ice Form                 Ice/Tmut       0%         N/A       98%         4
 Leda's Liquefaction      Hex/Erth       0%         N/A       98%         4
 Freezing Cloud           Conj/Ice/Air   0%         6-21      100%        5


Dungeon Overview and Level Annotations

Branches:
Dungeon (2/15)

Altars:

Annotations:
D:2 Sigmund


Innate Abilities, Weirdness & Mutations

You have a beak for a mouth.
You have claws for feet.


Message History

You climb downwards.
Found 16 gold pieces.
There is a stone staircase leading up here.
You now have 50 gold pieces (gained 16).
You pick up the Precepts of Alluring Algor and begin reading...
You add the spells Freeze, Confusing Touch, Leda's Liquefaction, Ice Form and Freezing Cloud to your library.
You now have 60 gold pieces (gained 10).
A hobgoblin comes into view.
The hobgoblin shouts!
Sigmund and a ball python come into view.
Sigmund is wielding a +0 scythe, wearing a +2 robe of willpower and carrying a wand of flame (18).
Sigmund shouts!
The ball python hisses angrily.
A rat comes into view.
The hobgoblin hits you but does no damage.
Sigmund barely misses you.
You barely miss the hobgoblin. You puncture the hobgoblin!
You kill the hobgoblin!
Sigmund closely misses you. The ball python barely misses you.
The ball python grabs you. The ball python constricts you.
You puncture the ball python!
You kill the ball python!
You puncture the rat!
You kill the rat!
Sigmund hits you from afar with a +0 scythe!
Found a book of Touch.
Sigmund zaps a wand.
The puff of flame hits you!
* * * LOW HITPOINT WARNING * * *
You see here a rat corpse.
You hit Sigmund.
Sigmund is poisoned.
Your peck misses Sigmund.
Sigmund is lightly wounded.
Sigmund misses you.
You hit Sigmund.
Sigmund looks as sick as possible!
You claw Sigmund, but do no damage. You peck Sigmund, but do no damage.
Sigmund is moderately wounded.
You hit Sigmund. Your peck misses Sigmund.
Sigmund is moderately wounded.
Sigmund says, "I'm your fate."
Sigmund zaps a wand.
The puff of flame hits you!
Ouch! That really hurt!
You die...

#.# ##.#.# #.#
#..#.# :#
#.######.##.##
.#
#............#
..#
########.##..#
..### #.##..#
......
#.##..###......
#.##...†....#
#.##...@@.###
#.######.......
#.. .###### ..
.## .# ##


You could see Sigmund (extremely poisoned).

Vanquished Creatures
  2 dart slugs (D:1)
  3 ball pythons
  2 endoplasms (D:1)
  2 giant cockroaches (D:1)
  3 goblins (D:1)
  6 hobgoblins
  A frilled lizard (D:1)
  6 kobolds (D:1)
  4 rats
29 creatures vanquished.

Notes
Turn   | Place    | Note
-------+----------+-------------------------------------------
     0 | D:1      | Aneyh the Tengu Monk began the quest for the Orb.
     0 | D:1      | Reached XP level 1. HP: 14/14 MP: 2/2
    76 | D:1      | Reached XP level 2. HP: 19/19 MP: 3/3
   242 | D:1      | Reached skill level 4 in Fighting
   383 | D:1      | Reached XP level 3. HP: 19/24 MP: 4/4
   691 | D:2      | Got the Precepts of Alluring Algor
   708 | D:2      | Noticed Sigmund
   717 | D:2      | Killed from afar by Sigmund

Illustrated notes

Levels and vault maps discovered:
D:1:      minmay_arrival_wavy_path, layout_basic
D:2:      layout_loops_ring, serial_park_tiny_pond, minmay_hedge_maze,
          minmay_rat_gold_closets, uniq_crazy_yiuf_cottage, uniq_sigmund

Skill      XL: |  1  2 |
---------------+-------+-----
Fighting       | 4 |  4.4
Long Blades    | |  3.2
Dodging        | |  3.2
Stealth        | |  2.0

Action                     || total
---------------------------++-------
  Melee: Falchion          ||    36
         Kick              ||    17
         Peck              ||     7
         Short sword       ||    22
         Punch             ||     2
   Stab: Sleeping          ||     3
 Armour: Robe              ||     7
  Dodge: Dodged            ||    36

Table legend: (Time is in decaauts)
 A = Elapsed time spent in this place.
 B = Non-inter-level travel time spent in this place.
 C = Inter-level travel time spent in this place.
 D = Time resting spent in this place.
 E = Time spent auto-exploring this place.
 F = Levels seen in this place.
 G = Mean time per level.
                   A        B        C        D        E       F      G
               +--------+--------+--------+--------+--------+-----+--------+
         Total |    719 |    691 |     28 |     57 |    481 |   2 |  359.5 |
       Dungeon |    719 |    691 |     28 |     57 |    481 |   2 |  359.5 |
               +--------+--------+--------+--------+--------+-----+--------+

Top non-repeatable levels by time:
     D:1: 678 daAuts
     D:2: 41 daAuts
